% Time on Ice - ANCHORAGE ACES
Lines # - Real PCT - Wanted PCT - Time Play
Normal Forward
1 - 35% - 37% - 17:59
2 - 31% - 33% - 15:54
3 - 21% - 20% - 10:55
4 - 14% - 10% - 7:16
Normal Defense
1 - 34% - 36% - 17:29
2 - 31% - 31% - 15:58
3 - 29% - 23% - 15:10
4 - 7% - 10% - 3:27
PP Forward
1 - 53% - 55% - 3:09
2 - 47% - 45% - 2:48
PP Defense
1 - 43% - 55% - 2:32
2 - 57% - 45% - 3:25
PK Forward
1 - 64% - 55% - 1:16
2 - 36% - 45% - 0:43
PK Defense
1 - 87% - 55% - 1:43
2 - 13% - 45% - 0:16
PK3 Forward
1 - 0% - 55%
2 - 0% - 45%
PK3 Defense
1 - 0% - 55%
2 - 0% - 45%
44 Forward
1 - 0% - 55%
2 - 0% - 45%
44 Defense
1 - 0% - 55%
2 - 0% - 45%
Last Minute Offensive  - 0:00
Last Minute Defensive  - 0:00
Total
Forward - 60:00
Defense - 60:00
% Time on Ice - WINNIPEG BEAVERS
Lines # - Real PCT - Wanted PCT - Time Play
Normal Forward
1 - 31% - 36% - 16:16
2 - 32% - 36% - 16:52
3 - 27% - 22% - 13:56
4 - 10% - 6% - 5:00
Normal Defense
1 - 34% - 34% - 17:53
2 - 32% - 32% - 16:33
3 - 30% - 26% - 15:25
4 - 4% - 8% - 2:13
PP Forward
1 - 60% - 53% - 1:11
2 - 40% - 47% - 0:48
PP Defense
1 - 60% - 53% - 1:11
2 - 40% - 47% - 0:48
PK Forward
1 - 47% - 50% - 2:49
2 - 53% - 50% - 3:08
PK Defense
1 - 60% - 53% - 3:35
2 - 40% - 47% - 2:22
PK3 Forward
1 - 0% - 50%
2 - 0% - 50%
PK3 Defense
1 - 0% - 50%
2 - 0% - 50%
44 Forward
1 - 0% - 50%
2 - 0% - 50%
44 Defense
1 - 0% - 52%
2 - 0% - 48%
Last Minute Offensive  - 0:00
Last Minute Defensive  - 0:00
Total
Forward - 60:00
Defense - 60:00
Play-by-Play 1st period 0:01 of 1st period - Mika Zibanejad wins face-off versus Connor McDavid in neutral zone. 0:13 of 1st period - Icing by Ian Cole. 0:14 of 1st period - Mika Zibanejad wins face-off versus Phillip Danault in WINNIPEG BEAVERS zone. 0:14 of 1st period - Mika Zibanejad is hit by Phillip Danault. 0:30 of 1st period - Shot by Mika Zibanejad. 0:30 of 1st period - Shot Blocked by Ben Chiarot. 0:38 of 1st period - Shot by Mika Zibanejad. 0:38 of 1st period - Stopped by Carey Price without a rebound. 0:39 of 1st period - Joe Pavelski wins face-off versus Curtis Lazar in ANCHORAGE ACES zone. 0:39 of 1st period - Ondrej Palat is hit by Nathan Beaulieu and loses puck. 0:49 of 1st period - Joe Pavelski is hit by Carl Gunnarsson and loses puck. 1:18 of 1st period - Shot by Ondrej Palat. 1:18 of 1st period - Shot Blocked by Carl Gunnarsson. 1:22 of 1st period - Shot by Joe Pavelski. 1:22 of 1st period - Stopped by Carey Price without a rebound. 1:23 of 1st period - Sean Kuraly wins face-off versus Connor McDavid in ANCHORAGE ACES zone. 2:04 of 1st period - Shot by Connor McDavid. 2:04 of 1st period - Goal by Connor McDavid - ANCHORAGE ACES : 1 - WINNIPEG BEAVERS : 0. 2:05 of 1st period - Phillip Danault wins face-off versus Colin Wilson in neutral zone. 2:12 of 1st period - Shot by Chris Kreider. 2:12 of 1st period - Stopped by Linus Ullmark without a rebound. 2:13 of 1st period - Mika Zibanejad wins face-off versus Jacob de la Rose in WINNIPEG BEAVERS zone. 2:22 of 1st period - Shot by Mika Zibanejad. 2:22 of 1st period - Deflect By Brad Marchand. 2:22 of 1st period - Shot Misses the Net. 2:30 of 1st period - Shot by Brad Marchand. 2:30 of 1st period - Shot Misses the Net. 2:37 of 1st period - Off-side. 2:38 of 1st period - Joe Pavelski wins face-off versus Phillip Danault in neutral zone. 2:38 of 1st period - Ondrej Palat is hit by Chris Kreider and loses puck. 3:17 of 1st period - Shot by Seth Jones. 3:17 of 1st period - Stopped by Linus Ullmark without a rebound. 3:18 of 1st period - Connor McDavid wins face-off versus Brandon Tanev in WINNIPEG BEAVERS zone. 3:23 of 1st period - Shot by Connor McDavid. 3:23 of 1st period - Stopped by Linus Ullmark with a rebound. 3:25 of 1st period - Shot by Nikolaj Ehlers. 3:25 of 1st period - Stopped by Linus Ullmark with a rebound. 3:27 of 1st period - Shot by Nathan MacKinnon. 3:27 of 1st period - Stopped by Linus Ullmark without a rebound. 3:28 of 1st period - Colin Wilson wins face-off versus Connor McDavid in WINNIPEG BEAVERS zone. 3:36 of 1st period - Shot by Connor McDavid. 3:36 of 1st period - Shot Hit the Post. 3:48 of 1st period - Shot by Michael Raffl. 3:48 of 1st period - Stopped by Carey Price without a rebound. 3:49 of 1st period - Mika Zibanejad wins face-off versus Jakob Silfverberg in ANCHORAGE ACES zone. 4:55 of 1st period - Shot by Connor McDavid. 4:55 of 1st period - Shot Blocked by Justin Braun. 4:58 of 1st period - Icing by Joel Armia. 4:59 of 1st period - Sean Kuraly wins face-off versus Curtis Lazar in WINNIPEG BEAVERS zone. 5:09 of 1st period - Icing by Zachary Werenski. 5:10 of 1st period - Joe Pavelski wins face-off versus Curtis Lazar in ANCHORAGE ACES zone. 5:23 of 1st period - Shot by Alexander Radulov. 5:23 of 1st period - Stopped by Carey Price without a rebound. 5:24 of 1st period - Joel Armia wins face-off versus Connor McDavid in ANCHORAGE ACES zone. 5:44 of 1st period - Shot by Nathan MacKinnon. 5:44 of 1st period - Shot Misses the Net. 5:52 of 1st period - Shot by Nikolaj Ehlers. 5:52 of 1st period - Stopped by Linus Ullmark without a rebound. 5:53 of 1st period - Joe Pavelski wins face-off versus Jacob de la Rose in WINNIPEG BEAVERS zone. 6:06 of 1st period - Shot by Nate Thompson. 6:06 of 1st period - Shot Misses the Net. 6:08 of 1st period - Shot by Seth Jones. 6:08 of 1st period - Deflect By Nate Thompson. 6:08 of 1st period - Stopped by Linus Ullmark without a rebound. 6:09 of 1st period - Curtis Lazar wins face-off versus Mika Zibanejad in WINNIPEG BEAVERS zone. 6:35 of 1st period - Dominik Simon is hit by Carson Soucy and loses puck. 7:07 of 1st period - Nathan MacKinnon is hit by Kris Russell and loses puck. 7:10 of 1st period - Shot by Nikolaj Ehlers. 7:10 of 1st period - Stopped by Linus Ullmark with a rebound. 7:12 of 1st period - Shot by Shea Weber. 7:12 of 1st period - Shot Misses the Net. 7:14 of 1st period - Shot by Connor McDavid. 7:14 of 1st period - Stopped by Linus Ullmark without a rebound. 7:15 of 1st period - Joe Pavelski wins face-off versus Phillip Danault in WINNIPEG BEAVERS zone. 7:55 of 1st period - Shot by Chris Kreider. 7:55 of 1st period - Shot Misses the Net. 7:57 of 1st period - Shot by Phillip Danault. 7:57 of 1st period - Goal by Phillip Danault - ANCHORAGE ACES : 2 - WINNIPEG BEAVERS : 0. 7:58 of 1st period - Sean Kuraly wins face-off versus Connor McDavid in neutral zone. 9:07 of 1st period - Icing by Anthony DeAngelo. 9:08 of 1st period - Chris Kreider wins face-off versus Sean Kuraly in WINNIPEG BEAVERS zone. 9:19 of 1st period - Shot by Phillip Danault. 9:19 of 1st period - Deflect By Chris Kreider. 9:19 of 1st period - Stopped by Linus Ullmark without a rebound. 9:20 of 1st period - Jacob de la Rose wins face-off versus Joe Pavelski in WINNIPEG BEAVERS zone. 9:57 of 1st period - Michael Frolik is hit by Ondrej Palat and loses puck. 10:04 of 1st period - Shot by Joe Pavelski. 10:04 of 1st period - Stopped by Carey Price without a rebound. 10:05 of 1st period - Mika Zibanejad wins face-off versus Connor McDavid in ANCHORAGE ACES zone. 10:21 of 1st period - Icing by Carson Soucy. 10:22 of 1st period - Phillip Danault wins face-off versus Mika Zibanejad in WINNIPEG BEAVERS zone. 10:41 of 1st period - Shot by Jakob Silfverberg. 10:41 of 1st period - Stopped by Linus Ullmark without a rebound. 10:42 of 1st period - Joe Pavelski wins face-off versus Connor McDavid in WINNIPEG BEAVERS zone. 10:42 of 1st period - Joe Pavelski is hit by Connor McDavid. 10:53 of 1st period - Minor Penalty to Shea Weber for Slashing. 10:54 of 1st period - Phillip Danault wins face-off versus Mika Zibanejad in ANCHORAGE ACES zone. 13:14 of 1st period - Shot by Nikolaj Ehlers. 13:14 of 1st period - Stopped by Linus Ullmark without a rebound. 13:15 of 1st period - Sean Kuraly wins face-off versus Curtis Lazar in WINNIPEG BEAVERS zone. 14:07 of 1st period - Icing by Shea Weber. 14:08 of 1st period - Curtis Lazar wins face-off versus Joe Pavelski in ANCHORAGE ACES zone. 14:08 of 1st period - Curtis Lazar is hit by Ondrej Palat. 14:09 of 1st period - Minor Penalty to Joe Pavelski for Roughing. 14:10 of 1st period - Mika Zibanejad wins face-off versus Nathan MacKinnon in WINNIPEG BEAVERS zone. 14:10 of 1st period - Mika Zibanejad is hit by Chris Kreider. 14:54 of 1st period - Shot by Nathan MacKinnon. 14:54 of 1st period - Shot Misses the Net. 16:13 of 1st period - Shot by Connor McDavid. 16:13 of 1st period - Stopped by Linus Ullmark without a rebound. 16:14 of 1st period - Curtis Lazar wins face-off versus Colin Wilson in WINNIPEG BEAVERS zone. 16:38 of 1st period - Michael Raffl is hit by Nathan Beaulieu and loses puck. 16:41 of 1st period - Shot by Dylan DeMelo. 16:41 of 1st period - Deflect By Sam Lafferty. 16:41 of 1st period - Stopped by Carey Price without a rebound. 16:42 of 1st period - Jacob de la Rose wins face-off versus Brad Marchand in ANCHORAGE ACES zone. 17:17 of 1st period - Shot by Mika Zibanejad. 17:17 of 1st period - Shot Blocked by Zachary Werenski. 17:19 of 1st period - Shot by Anthony DeAngelo. 17:19 of 1st period - Shot Blocked by Zachary Werenski. 17:21 of 1st period - Shot by Brandon Tanev. 17:21 of 1st period - Stopped by Carey Price without a rebound. 17:22 of 1st period - Joe Pavelski wins face-off versus Connor McDavid in ANCHORAGE ACES zone. 17:22 of 1st period - Joe Pavelski is hit by Nathan Beaulieu. 17:43 of 1st period - Nikolaj Ehlers is hit by Carson Soucy. 17:49 of 1st period - Shot by Connor McDavid. 17:49 of 1st period - Stopped by Linus Ullmark without a rebound. 17:50 of 1st period - Sean Kuraly wins face-off versus Phillip Danault in WINNIPEG BEAVERS zone. 18:25 of 1st period - Dylan DeMelo is hit by Chris Kreider and loses puck. 18:39 of 1st period - Patrick Marleau is hit by Chris Kreider and loses puck. 18:53 of 1st period - Off-side. 18:54 of 1st period - Joe Pavelski wins face-off versus Connor McDavid in neutral zone. 18:58 of 1st period - Shot by Ondrej Palat. 18:58 of 1st period - Shot Misses the Net. 19:00 of 1st period - Shot by Ondrej Palat. 19:00 of 1st period - Stopped by Carey Price without a rebound. 19:01 of 1st period - Connor McDavid wins face-off versus Joe Pavelski in ANCHORAGE ACES zone. 19:06 of 1st period - Shot by Nikolaj Ehlers. 19:06 of 1st period - Stopped by Linus Ullmark without a rebound. 19:07 of 1st period - Joe Pavelski wins face-off versus Connor McDavid in WINNIPEG BEAVERS zone. Goals for this period are 2 for ANCHORAGE ACES vs 0 for WINNIPEG BEAVERS. Shots for this period are 17 for ANCHORAGE ACES vs 8 for WINNIPEG BEAVERS. 2nd period 0:01 of 2nd period - Phillip Danault wins face-off versus Mika Zibanejad in neutral zone. 0:01 of 2nd period - Phillip Danault is hit by Brandon Tanev. 0:15 of 2nd period - Shot by Mika Zibanejad. 0:15 of 2nd period - Shot Blocked by Shea Weber. 0:17 of 2nd period - Shot by Brad Marchand. 0:17 of 2nd period - Stopped by Carey Price without a rebound. 0:18 of 2nd period - Connor McDavid wins face-off versus Alexander Radulov in ANCHORAGE ACES zone. 1:25 of 2nd period - Brad Marchand is hit by Seth Jones and loses puck. 1:50 of 2nd period - Shot by Brad Marchand. 1:50 of 2nd period - Shot Misses the Net. 3:01 of 2nd period - Icing by Justin Braun. 3:02 of 2nd period - Jacob de la Rose wins face-off versus Sean Kuraly in WINNIPEG BEAVERS zone. 3:02 of 2nd period - Ben Chiarot is hit by Justin Braun. 3:25 of 2nd period - Off-side. 3:26 of 2nd period - Connor McDavid wins face-off versus Mika Zibanejad in neutral zone. 3:31 of 2nd period - Shot by Nathan MacKinnon. 3:31 of 2nd period - Shot Blocked by Mika Zibanejad. 3:33 of 2nd period - Shot by Nathan MacKinnon. 3:33 of 2nd period - Deflect By Connor McDavid. 3:33 of 2nd period - Shot Blocked by Ian Cole. 3:35 of 2nd period - Shot by Seth Jones. 3:35 of 2nd period - Shot Blocked by Ian Cole. 3:37 of 2nd period - Shot by Nathan MacKinnon. 3:37 of 2nd period - Shot Misses the Net. 3:52 of 2nd period - Shot by Connor McDavid. 3:52 of 2nd period - Stopped by Linus Ullmark without a rebound. 3:53 of 2nd period - Phillip Danault wins face-off versus Ondrej Palat in WINNIPEG BEAVERS zone. 4:28 of 2nd period - Shot by Phillip Danault. 4:28 of 2nd period - Stopped by Linus Ullmark without a rebound. 4:29 of 2nd period - Mika Zibanejad wins face-off versus Connor McDavid in WINNIPEG BEAVERS zone. 4:38 of 2nd period - Shot by Mika Zibanejad. 4:38 of 2nd period - Shot Misses the Net. 4:40 of 2nd period - Shot by Brandon Tanev. 4:40 of 2nd period - Shot Misses the Net. 4:42 of 2nd period - Shot by Ian Cole. 4:42 of 2nd period - Stopped by Carey Price without a rebound. 4:43 of 2nd period - Curtis Lazar wins face-off versus Colin Wilson in ANCHORAGE ACES zone. 6:14 of 2nd period - Shot by Jakob Silfverberg. 6:14 of 2nd period - Deflect By Chris Kreider. 6:14 of 2nd period - Shot Misses the Net. 6:54 of 2nd period - Shot by Alexander Radulov. 6:54 of 2nd period - Shot Blocked by Nathan Beaulieu. 6:56 of 2nd period - Shot by Anthony DeAngelo. 6:56 of 2nd period - Goal by Anthony DeAngelo - ANCHORAGE ACES : 2 - WINNIPEG BEAVERS : 1. 6:57 of 2nd period - Jacob de la Rose wins face-off versus Joe Pavelski in neutral zone. 7:13 of 2nd period - Icing by Ben Chiarot. 7:14 of 2nd period - Joel Armia wins face-off versus Jacob de la Rose in ANCHORAGE ACES zone. 7:15 of 2nd period - Shot by Patrick Marleau. 7:15 of 2nd period - Stopped by Carey Price without a rebound. 7:16 of 2nd period - Connor McDavid wins face-off versus Joe Pavelski in ANCHORAGE ACES zone. 8:09 of 2nd period - Shot by Sean Kuraly. 8:09 of 2nd period - Deflect By Joel Armia. 8:09 of 2nd period - Shot Misses the Net. 8:11 of 2nd period - Shot by Dylan DeMelo. 8:11 of 2nd period - Stopped by Carey Price without a rebound. 8:12 of 2nd period - Phillip Danault wins face-off versus Sean Kuraly in ANCHORAGE ACES zone. 8:12 of 2nd period - Phillip Danault is hit by Joel Armia. 8:32 of 2nd period - Shot by Joel Armia. 8:32 of 2nd period - Stopped by Carey Price without a rebound. 8:33 of 2nd period - Mika Zibanejad wins face-off versus Curtis Lazar in ANCHORAGE ACES zone. 8:36 of 2nd period - Shot by Brad Marchand. 8:36 of 2nd period - Stopped by Carey Price without a rebound. 8:37 of 2nd period - Mika Zibanejad wins face-off versus Phillip Danault in ANCHORAGE ACES zone. 8:42 of 2nd period - Shot by Brad Marchand. 8:42 of 2nd period - Stopped by Carey Price without a rebound. 8:43 of 2nd period - Joe Pavelski wins face-off versus Jakob Silfverberg in ANCHORAGE ACES zone. 8:49 of 2nd period - Icing by Seth Jones. 8:50 of 2nd period - Phillip Danault wins face-off versus Joe Pavelski in ANCHORAGE ACES zone. 8:52 of 2nd period - Icing by Chris Kreider. 8:53 of 2nd per